Match 47458077
Unlisted

Match 47458077
End
Construct Barracks
Riflemen Squad
Selects Special Operations Battlegroup
Riflemen Squad
1⁄4-ton 4x4 Truck
Riflemen Squad
Mechanized Support Center
Construct Medical Station
Construct Motor Pool
M8 Greyhound Armored Car
Selects Raiding Flares
Improvised Armor
Salvage Crew
Engineer Squad
M1 Anti-tank Gun Team
M8 Greyhound Armored Car
Grenade Package
Construct Tank Depot
Selects SSF Commando Squad
SSF Commando Squad
Designate Forward Repair Station
Selects Assault Operation
Selects M29 Weasel with M1 Pack Howitzer
Selects P-47 Anti-Infantry Loiter
Selects UNKNOWN (2162291)
M4A1 Sherman Medium Tank
M4A1 76mm Conversion
M1918 Browning Automatic Rifles
ttheadventure
먼치킨
Bouncy Knight
lagifun
siarq <PL>
abraham98523
Mahmoud S S
Ryn61390
0
0

Comments sign in to comment!

No comments posted yet!